PAA
ASHEVILLE HIGHLANDERS @ LANNISTER UNITED LIONHEARTS
07/12/2029
 
TOP OF THE 1ST
Asheville Highlanders batting - Pitching for Lannister United Lionhearts : LHP Earl Farley
Pitching: LHP Earl Farley
Batting: RHB Esteban Olivo 0-0: Ball
1-0: Ball
2-0: Swinging Strike
2-1: Foul Ball, location: 2F
2-2: Ball
3-2: Strikes out swinging
Batting: LHB Tomás Valenzuela 0-0: Ball
1-0: Ball
2-0: Reached on error, E3 (Groundball, 3)
Batting: RHB Enrique Rocha 0-0: Grounds into double play, 5-4-3 (Groundball, 56)
Top of the 1st over - 0 runs, 0 hits, 1 error, 0 left on base; Asheville 0 - Lannister United 0
BOTTOM OF THE 1ST
Lannister United Lionhearts batting - Pitching for Asheville Highlanders : RHP Manuel Sánchez
Pitching: RHP Manuel Sánchez
Batting: LHB Sting Ray Robb 0-0: Ball
1-0: Foul Ball, location: 2F
1-1: Ball
2-1: Ground out 6-3 (Groundball, 6M)
Batting: LHB Ashley Thachi 0-0: Ball
1-0: Ground out 1-3 (Groundball, 15S)
Batting: RHB Mareka Naidoo 0-0: Ball
1-0: Ball
2-0: Called Strike
2-1: Ball
3-1: Base on Balls
Batting: RHB José García 0-0: Called Strike
0-1: Called Strike
0-2: Ball
1-2: Foul Ball, location: 2F
1-2: SINGLE (Line Drive, 9LM)
Mareka Naidoo to second
Batting: LHB Juan Macíel 0-0: Ball
1-0: Fly out, F7 (Line Drive, 7D)
Bottom of the 1st over - 0 runs, 1 hit, 0 errors, 2 left on base; Asheville 0 - Lannister United 0
TOP OF THE 2ND
Asheville Highlanders batting - Pitching for Lannister United Lionhearts : LHP Earl Farley
Batting: RHB Víctor Hernández 0-0: Ball
1-0: Fly out, F2 (Popup, 23F)
Batting: SHB Robert Hillier 0-0: Called Strike
0-1: Swinging Strike
0-2: Ground out 5-3 (Groundball, 56)
Batting: RHB Mario Jacome 0-0: Called Strike
0-1: Foul Ball, location: 2F
0-2: Ball
1-2: Ground out 5-3 (Groundball, 56)
Top of the 2nd over - 0 runs, 0 hits, 0 errors, 0 left on base; Asheville 0 - Lannister United 0
BOTTOM OF THE 2ND
Lannister United Lionhearts batting - Pitching for Asheville Highlanders : RHP Manuel Sánchez
Batting: RHB Carlos Pacheco 0-0: Ball
1-0: Foul Ball, location: 2F
1-1: Ball
2-1: Ball
3-1: Base on Balls
Batting: LHB Ramón García 0-0: Swinging Strike
0-1: Ball
1-1: Called Strike
1-2: Ball
2-2: Fielders Choice at 2nd, 3-6 (Groundball, 34)
Batting: RHB Breanainn Swartwood 0-0: Ball
1-0: Fielders Choice at 2nd, 4-6 (Groundball, 4)
Batting: SHB Barney Heise 0-0: DOUBLE (Line Drive, 9LD)
Breanainn Swartwood to third
Batting: LHB Sting Ray Robb 0-0: Fly out, F5 (Popup, 5SF)
Bottom of the 2nd over - 0 runs, 1 hit, 0 errors, 2 left on base; Asheville 0 - Lannister United 0
TOP OF THE 3RD
Asheville Highlanders batting - Pitching for Lannister United Lionhearts : LHP Earl Farley
Batting: RHB Marshall Attwood 0-0: Ball
1-0: Called Strike
1-1: Ball
2-1: Ball
3-1: Base on Balls
Batting: RHB Ron Spence 0-0: Foul Ball, location: 2F
0-1: Ball
1-1: Ball
2-1: Ball
3-1: Called Strike
3-2: Single, Error in OF, E8, batter to second base
Marshall Attwood to third
Batting: RHB Mason Holling 0-0: Ground out 5-3 (Groundball, 56S)
Marshall Attwood scores
Ron Spence to third
Batting: RHB Esteban Olivo 0-0: Ball
1-0: Foul Ball, location: 2F
1-1: Foul Ball, location: 2F
1-2: Ball
2-2: SINGLE (Line Drive, 56)
Ron Spence scores
Batting: LHB Tomás Valenzuela 0-0: Called Strike
0-1: Swinging Strike
0-2: Ball
1-2: Ball
2-2: SINGLE (Groundball, 34S) (infield hit)
Esteban Olivo to second
Batting: RHB Enrique Rocha 0-0: Ball
Esteban Olivo steals 3rd base
1-0: DOUBLE (Line Drive, 7D)
Esteban Olivo scores
Tomás Valenzuela to third
Runner from 3rd tries for Home, SAFE, no throw
Batting: RHB Víctor Hernández 0-0: Called Strike
0-1: Ball
Enrique Rocha steals 3rd base
1-1: Ball
Steal of home, Enrique Rocha is out
2-1: SINGLE (Flyball, 78S)
Batting: SHB Robert Hillier 0-0: Ball
1-0: Ball
2-0: Called Strike
2-1: Foul Ball, location: 2F
2-2: Ball
3-2: DOUBLE (Line Drive, 7LM)
Víctor Hernández to third
Víctor Hernández scores
Batting: RHB Mario Jacome 0-0: Ball
1-0: Ball
2-0: Ball
3-0: Called Strike
3-1: Base on Balls
Batting: RHB Marshall Attwood 0-0: Fly out, F7 (Flyball, 78M)
Top of the 3rd over - 5 runs, 6 hits, 1 error, 2 left on base; Asheville 5 - Lannister United 0
BOTTOM OF THE 3RD
Lannister United Lionhearts batting - Pitching for Asheville Highlanders : RHP Manuel Sánchez
Batting: LHB Ashley Thachi 0-0: Called Strike
0-1: Swinging Strike
0-2: Foul Ball, location: 2F
0-2: Ball
1-2: Ball
2-2: Fly out, F8 (Flyball, 8RD)
Batting: RHB Mareka Naidoo 0-0: Ground out 5-3 (Groundball, 56)
Batting: RHB José García 0-0: Ground out 4-3 (Groundball, 4S)
Bottom of the 3rd over - 0 runs, 0 hits, 0 errors, 0 left on base; Asheville 5 - Lannister United 0
TOP OF THE 4TH
Asheville Highlanders batting - Pitching for Lannister United Lionhearts : LHP Earl Farley
Batting: RHB Ron Spence 0-0: Called Strike
0-1: Swinging Strike
0-2: Ball
1-2: Ball
2-2: Foul Ball, location: 2F
2-2: Fly out, F7 (Flyball, 78M)
Batting: RHB Mason Holling 0-0: Ball
1-0: Swinging Strike
1-1: Ball
2-1: Ball
3-1: Called Strike
3-2: Foul Ball, location: 2F
3-2: Foul Ball, location: 2F
3-2: SINGLE (Line Drive, 89M)
Batting: RHB Esteban Olivo 0-0: Ball
1-0: SINGLE (Groundball, 6MD)
Mason Holling to second
Batting: LHB Tomás Valenzuela 0-0: Called Strike
0-1: Called Strike
0-2: Fielders Choice at 2nd, 1-6 (Groundball, P)
Mason Holling to third
Batting: RHB Enrique Rocha 0-0: Ball
1-0: Foul Ball, location: 2F
1-1: Ball
2-1: Swinging Strike
2-2: SINGLE (Groundball, 4D)
Mason Holling scores
Tomás Valenzuela to second
Runner from 2nd tries for 3rd, SAFE, no throw
Batting: RHB Víctor Hernández 0-0: Called Strike
0-1: SINGLE (Groundball, 5S) (infield hit)
Tomás Valenzuela scores
Enrique Rocha to second
Batting: SHB Robert Hillier 0-0: Called Strike
0-1: Swinging Strike
0-2: Fly out, F9 (Flyball, 89D)
Top of the 4th over - 2 runs, 4 hits, 0 errors, 2 left on base; Asheville 7 - Lannister United 0
BOTTOM OF THE 4TH
Lannister United Lionhearts batting - Pitching for Asheville Highlanders : RHP Manuel Sánchez
Batting: LHB Juan Macíel 0-0: Ball
1-0: Foul Ball, location: 2F
1-1: Ball
2-1: Foul Ball, location: 2F
2-2: Foul Ball, location: 2F
2-2: Foul Ball, location: 2F
2-2: Ball
3-2: Base on Balls
Batting: RHB Carlos Pacheco 0-0: Ball
1-0: Swinging Strike
1-1: Ball
2-1: Ball
3-1: Foul Ball, location: 2F
3-2: Foul Ball, location: 2F
3-2: Strikes out swinging
Juan Macíel steals 2nd base
Batter strikes out.
Batting: LHB Ramón García 0-0: Ball
1-0: Ball
2-0: Ball
3-0: Base on Balls
Batting: RHB Breanainn Swartwood 0-0: Called Strike
0-1: Called Strike
0-2: Strikes out looking
Batting: SHB Barney Heise 0-0: Ball
1-0: Ball
2-0: Swinging Strike
2-1: Ball
3-1: Called Strike
3-2: Fly out, F8 (Flyball, 78D)
Bottom of the 4th over - 0 runs, 0 hits, 0 errors, 2 left on base; Asheville 7 - Lannister United 0
TOP OF THE 5TH
Asheville Highlanders batting - Pitching for Lannister United Lionhearts : LHP Earl Farley
Batting: RHB Mario Jacome 0-0: Foul Ball, location: 2F
0-1: Swinging Strike
0-2: Ball
1-2: Ball
2-2: Ball
3-2: Hit by Pitch
Batting: RHB Marshall Attwood 0-0: Ball
1-0: Called Strike
1-1: Called Strike
1-2: Ball
2-2: Foul Ball, location: 2F
2-2: Strikes out swinging
Batting: RHB Ron Spence 0-0: Called Strike
0-1: Swinging Strike
0-2: Strikes out looking
Batting: RHB Mason Holling 0-0: Ball
1-0: Called Strike
1-1: Swinging Strike
1-2: Foul Ball, location: 2F
1-2: Ball
Mario Jacome is caught stealing 2nd base
Top of the 5th over - 0 runs, 0 hits, 0 errors, 0 left on base; Asheville 7 - Lannister United 0
BOTTOM OF THE 5TH
Lannister United Lionhearts batting - Pitching for Asheville Highlanders : RHP Manuel Sánchez
Batting: LHB Sting Ray Robb 0-0: Ball
1-0: Ball
2-0: Called Strike
2-1: Ball
3-1: Ground out 4-3 (Groundball, 4M)
Batting: LHB Ashley Thachi 0-0: Ball
1-0: Fly out, F6 (Popup, 56D)
Batting: RHB Mareka Naidoo 0-0: Ball
1-0: Foul Ball, location: 2F
1-1: Ball
2-1: Foul Ball, location: 2F
2-2: Ball
3-2: SINGLE (Line Drive, 34S)
Batting: RHB José García 0-0: Foul Ball, location: 2F
0-1: Ball
1-1: Ground out 4-3 (Groundball, 4M)
Bottom of the 5th over - 0 runs, 1 hit, 0 errors, 1 left on base; Asheville 7 - Lannister United 0
TOP OF THE 6TH
Asheville Highlanders batting - Pitching for Lannister United Lionhearts : LHP Earl Farley
Pitching: RHP Pak Dong Hyeon
Batting: RHB Mason Holling 0-0: Called Strike
0-1: Ball
1-1: Ball
2-1: Ball
3-1: Base on Balls
Batting: RHB Esteban Olivo 0-0: Ball
1-0: Called Strike
1-1: Swinging Strike
1-2: Strikes out swinging
Batting: LHB Tomás Valenzuela 0-0: Ball
1-0: Called Strike
1-1: Called Strike
1-2: Ball
2-2: Ball
3-2: SINGLE (Flyball, 9LS)
Mason Holling to second
Runner from 2nd tries for 3rd, OUT!
Tomás Valenzuela to second
Batting: RHB Enrique Rocha 0-0: Ball
1-0: Called Strike
1-1: Foul Ball, location: 2F
1-2: Foul Ball, location: 2F
1-2: Strikes out swinging
Top of the 6th over - 0 runs, 1 hit, 0 errors, 1 left on base; Asheville 7 - Lannister United 0
BOTTOM OF THE 6TH
Lannister United Lionhearts batting - Pitching for Asheville Highlanders : RHP Manuel Sánchez
Batting: LHB Juan Macíel 0-0: Ball
1-0: Foul Ball, location: 2F
1-1: Foul Ball, location: 2F
1-2: Ground out 1-3 (Groundball, 13S)
Batting: RHB Carlos Pacheco 0-0: Foul Ball, location: 2F
0-1: Ball
1-1: Fly out, F9 (Flyball, 9LM)
Batting: LHB Ramón García 0-0: Ball
1-0: Ball
2-0: Ball
3-0: Base on Balls
Batting: RHB Breanainn Swartwood 0-0: Ball
1-0: Foul Ball, location: 2F
1-1: Swinging Strike
1-2: Ground out 4-3 (Groundball, 4)
Bottom of the 6th over - 0 runs, 0 hits, 0 errors, 1 left on base; Asheville 7 - Lannister United 0
TOP OF THE 7TH
Asheville Highlanders batting - Pitching for Lannister United Lionhearts : RHP Pak Dong Hyeon
Batting: RHB Víctor Hernández 0-0: Ball
1-0: Ball
2-0: Foul Ball, location: 2F
2-1: Swinging Strike
2-2: Strikes out looking
Batting: SHB Robert Hillier 0-0: Ball
1-0: DOUBLE (Flyball, 8LXD)
Batting: RHB Mario Jacome 0-0: Called Strike
0-1: Ball
1-1: Foul Ball, location: 2F
1-2: Foul Ball, location: 2F
1-2: Foul Ball, location: 2F
1-2: Ground out 6-3 (Groundball, 6)
Batting: RHB Marshall Attwood 0-0: Foul Ball, location: 2F
0-1: SINGLE (Line Drive, 56D)
Robert Hillier to third
Batting: RHB Ron Spence 0-0: Foul Ball, location: 2F
0-1: Foul Ball, location: 2F
0-2: Ground out 4-3 (Groundball, 34D)
Top of the 7th over - 0 runs, 2 hits, 0 errors, 2 left on base; Asheville 7 - Lannister United 0
BOTTOM OF THE 7TH
Lannister United Lionhearts batting - Pitching for Asheville Highlanders : RHP Manuel Sánchez
Batting: SHB Barney Heise 0-0: Called Strike
0-1: Swinging Strike
0-2: Foul Ball, location: 2F
0-2: Foul Ball, location: 2F
0-2: Strikes out swinging
Pitching: RHP Brandeis Göller
Batting: LHB Sting Ray Robb 0-0: Ball
1-0: Swinging Strike
1-1: Called Strike
1-2: Ball
2-2: Strikes out swinging
Batting: LHB Ashley Thachi 0-0: Called Strike
0-1: Ball
1-1: Foul Ball, location: 2F
1-2: Ball
2-2: Foul Ball, location: 2F
2-2: Ball
3-2: Base on Balls
Batting: RHB Mareka Naidoo 0-0: Called Strike
0-1: Called Strike
0-2: Ball
1-2: Strikes out looking
Bottom of the 7th over - 0 runs, 0 hits, 0 errors, 1 left on base; Asheville 7 - Lannister United 0
TOP OF THE 8TH
Asheville Highlanders batting - Pitching for Lannister United Lionhearts : RHP Pak Dong Hyeon
Batting: RHB Mason Holling 0-0: Called Strike
0-1: Foul Ball, location: 2F
0-2: Strikes out swinging
Batting: RHB Esteban Olivo 0-0: Ground out U3 (Groundball, 3)
Batting: LHB Tomás Valenzuela 0-0: Ground out 4-3 (Groundball, 4)
Top of the 8th over - 0 runs, 0 hits, 0 errors, 0 left on base; Asheville 7 - Lannister United 0
BOTTOM OF THE 8TH
Lannister United Lionhearts batting - Pitching for Asheville Highlanders : RHP Brandeis Göller
Batting: RHB José García 0-0: Called Strike
0-1: Ball
1-1: Swinging Strike
1-2: Ball
2-2: Ground out 4-3 (Groundball, 4)
Batting: LHB Juan Macíel 0-0: Ball
1-0: Ground out 1-3 (Groundball, P)
Batting: RHB Carlos Pacheco 0-0: SOLO HOME RUN (Flyball, 7LD), Distance : 334 ft
Batting: LHB Ramón García 0-0: Called Strike
0-1: Ball
1-1: Ball
2-1: Foul Ball, location: 2F
2-2: Foul Ball, location: 2F
2-2: Ball
3-2: Foul Ball, location: 2F
3-2: Base on Balls
Batting: RHB Breanainn Swartwood 0-0: Ball
1-0: Swinging Strike
1-1: Ball
2-1: Ground out 5-3 (Groundball, 56S)
Bottom of the 8th over - 1 run, 1 hit, 0 errors, 1 left on base; Asheville 7 - Lannister United 1
TOP OF THE 9TH
Asheville Highlanders batting - Pitching for Lannister United Lionhearts : RHP Pak Dong Hyeon
Batting: RHB Enrique Rocha 0-0: Ball
1-0: Foul Ball, location: 2F
1-1: SINGLE (Line Drive, 8LS)
Pitching: RHP Hideaki Hayagawa
Batting: RHB Víctor Hernández 0-0: Ground out 5-3 (Groundball, 56S)
Enrique Rocha to second
Batting: SHB Robert Hillier 0-0: Called Strike
Enrique Rocha steals 3rd base
0-1: Ball
1-1: Swinging Strike
1-2: Ground out 5-3 (Groundball, 56)
Enrique Rocha scores
Batting: RHB Mario Jacome 0-0: Called Strike
0-1: Ball
1-1: Ball
2-1: Foul Ball, location: 2F
2-2: Strikes out swinging
Top of the 9th over - 1 run, 1 hit, 0 errors, 0 left on base; Asheville 8 - Lannister United 1
BOTTOM OF THE 9TH
Lannister United Lionhearts batting - Pitching for Asheville Highlanders : RHP Brandeis Göller
Batting: SHB Barney Heise 0-0: Ball
1-0: Ball
2-0: Called Strike
2-1: Ball
3-1: Foul Ball, location: 2F
3-2: Foul Ball, location: 2F
3-2: Ground out 4-3 (Groundball, 34D)
Batting: LHB Sting Ray Robb 0-0: Called Strike
0-1: Ball
1-1: Swinging Strike
1-2: Ground out 4-3 (Groundball, 4)
Batting: LHB Ashley Thachi 0-0: Called Strike
0-1: Foul Ball, location: 2F
0-2: Ball
1-2: Ball
2-2: Foul Ball, location: 2F
2-2: Ball
3-2: Foul Ball, location: 2F
3-2: Foul Ball, location: 2F
3-2: SINGLE (Flyball, 3D)
Batting: RHB Mareka Naidoo 0-0: Ball
1-0: Ball
2-0: Foul Ball, location: 2F
2-1: Swinging Strike
2-2: Strikes out swinging
Bottom of the 9th over - 0 runs, 1 hit, 0 errors, 1 left on base; Asheville 8 - Lannister United 1
Tuesday, December 19th, 2017 - OOTP Baseball 18.8 Build 76